Anaheim Ducks vs Arizona Coyotes
Created - Friday, May 30, 2025 at 07:58
Goals
|
| Anaheim Ducks |
0 |
1 |
0 |
1 |
| Arizona Coyotes |
1 |
0 |
2 |
3 |
|
Shots
|
| Anaheim Ducks |
20 |
9 |
7 |
36 |
| Arizona Coyotes |
15 |
9 |
16 |
40 |
|
1st period
1. Arizona Coyotes , Tyler Bertuzzi 14 (Ryan Donato 40, Erik Haula 26) at 4:15 (PP)
Penalties :
Nazem Kadri (ANA) for Hooking (Minor) at 3:34, Radko Gudas (AZC) for Slashing (Minor) at 6:50, Jani Hakanpaa (AZC) for Fighting (Major) at 16:08, Mark Scheifele (ANA) for Fighting (Major) at 16:08
2nd period
2. Anaheim Ducks , Mark Scheifele 35 (Joshua Morrissey 28) at 11:36
Penalties :
Ondrej Palat (AZC) for Interference (Minor) at 12:48
3rd period
3. Arizona Coyotes , Tyler Seguin 30 (Mats Zuccarello 56, Ryan Donato 41) at 12:19 (PP)
4. Arizona Coyotes , Mats Zuccarello 43 (Tyler Seguin 34) at 19:04 (Empty Net)
Penalties :
Jani Hakanpaa (AZC) for Slashing (Minor) at 4:33, Matt Dumba (AZC) for Cross-checking (Minor) at 10:08, William Nylander (ANA) for Delaying the game (Minor) at 11:31, Radko Gudas (AZC) for Delaying the game (Minor) at 12:34, Nick Seeler (AZC) for Holding (Minor) at 16:05
Goalie Stats
James Reimer (ANA), 37 saves from 39 shots - (0.949), L, 8-7-3, 59:50 minutes
Jacob Markstrom (AZC), 35 saves from 36 shots - (0.972), W, 29-26-7, 60:00 minutes
Players Stats for Anaheim Ducks
Player Name G A P +/- PIM S H SB GA TA FO MP PP MP PK MP
------------------------------------------------------------------------------------
Alex Killorn 0 0 0 1 0 2 4 0 0 0 0/0 19:08 4:55 0:13
Alexandre Texier 0 0 0 0 0 0 4 1 0 0 0/1 11:51 0:08 0:00
Alexey Toropchenko 0 0 0 0 0 0 0 0 0 0 0/0 7:54 0:00 0:00
Brayden Schenn 0 0 0 1 0 1 1 1 0 0 2/2 21:36 6:17 0:40
Brenden Dillon 0 0 0 -1 0 1 0 1 1 0 0/0 13:06 0:00 0:13
Chandler Stephenson 0 0 0 0 0 2 0 0 0 0 5/6 11:18 0:06 0:13
Esa Lindell 0 0 0 0 0 2 1 1 1 0 0/0 23:22 4:14 0:40
Ivan Provorov 0 0 0 1 0 3 1 0 0 1 0/0 21:53 4:14 0:28
J.T. Compher 0 0 0 0 0 2 1 0 0 0 0/1 11:39 0:03 0:37
Jakob Chychrun 0 0 0 -1 0 2 2 0 0 0 0/0 12:53 0:00 0:00
John Tavares 0 0 0 -1 0 0 2 0 2 1 6/12 21:29 6:17 0:03
Joshua Morrissey 0 1 1 0 0 1 1 5 0 1 0/0 25:14 7:04 0:25
Luke Evangelista 0 0 0 0 0 4 0 0 0 0 0/0 7:54 0:00 0:00
Mark Scheifele 1 0 1 1 5 5 1 0 1 0 7/17 17:08 4:55 0:00
Mason Marchment 0 0 0 0 0 2 1 0 1 0 2/4 7:54 0:00 0:00
Morgan Rielly 0 0 0 1 0 1 2 1 0 0 0/0 23:32 7:04 0:00
Nazem Kadri 0 0 0 -1 2 3 4 0 0 0 9/16 19:07 4:55 0:00
William Nylander 0 0 0 -1 2 5 2 0 0 1 2/3 21:30 6:17 0:00
Players Stats for Arizona Coyotes
Player Name G A P +/- PIM S H SB GA TA FO MP PP MP PK MP
------------------------------------------------------------------------------------
Brayden McNabb 0 0 0 -1 0 0 3 1 0 0 0/0 20:00 0:12 4:31
Charlie Coyle 0 0 0 1 0 5 2 0 0 0 14/26 24:06 0:33 5:40
Erik Haula 0 1 1 -1 0 2 2 0 1 0 2/3 15:00 0:14 0:00
Jani Hakanpaa 0 0 0 0 7 3 0 2 0 1 0/0 24:42 0:41 5:49
Jared Spurgeon 0 0 0 -1 0 1 0 0 0 2 0/0 18:42 0:00 4:31
Kiefer Sherwood 0 0 0 0 0 3 0 0 0 0 1/1 13:26 0:00 0:03
Mark Jankowski 0 0 0 0 0 0 0 0 0 0 0/0 6:12 0:00 0:00
Mats Zuccarello 1 1 2 1 0 6 1 1 1 1 0/1 19:20 0:33 5:40
Matt Dumba 0 0 0 1 2 2 2 1 0 1 0/0 15:15 0:47 0:43
Mike Hoffman 0 0 0 0 0 0 0 0 0 0 2/4 6:12 0:00 0:00
Nick Seeler 0 0 0 1 2 2 1 0 1 0 0/0 16:37 0:00 2:43
Ondrej Palat 0 0 0 0 2 2 1 0 0 0 0/0 13:29 0:00 0:03
Radko Gudas 0 0 0 0 4 1 0 0 0 1 0/0 25:00 0:12 4:19
Ross Colton 0 0 0 0 0 1 1 1 0 0 5/10 13:19 0:00 0:00
Ryan Donato 0 2 2 -1 0 5 3 0 1 0 4/9 20:30 0:20 5:35
Tyler Bertuzzi 1 0 1 -1 0 5 2 0 0 0 0/2 15:00 0:14 0:00
Tyler Seguin 1 1 2 1 0 2 1 1 0 0 1/5 19:11 0:39 5:35
William Carrier 0 0 0 0 0 0 0 0 0 0 0/1 1:58 0:00 0:00
3 Stars
1 - Jacob Markstrom (AZC)
2 - Tyler Seguin (AZC)
3 - Mats Zuccarello (AZC)
Power Play
Anaheim Ducks - 0 on 6 Attempt(s) - 0.00%
Arizona Coyotes - 2 on 2 Attempt(s) - 100.00%
Penalty Kill
Anaheim Ducks - 0 on 2 Attempt(s) - 0.00%
- Score 0 goal in Penalty Kill
Arizona Coyotes - 6 on 6 Attempt(s) - 100.00%
- Score 0 goal in Penalty Kill
Team Stat
Anaheim Ducks - Hits : 27 - Faceoff Wins : 33 - Blocked Shots : 10 - Penalty Minutes : 9
Arizona Coyotes - Hits : 19 - Faceoff Wins : 29 - Blocked Shots : 7 - Penalty Minutes : 17
Official
Referees : Chris Schlenker and Kyle Rehman
Linesman : Devin Berg and Mark Shewchyk
Game Notes
Jani Hakanpaa beats up Mark Scheifele at 16:08 of 1st period
Mats Zuccarello has scored in a empty net!
Finance
Level 1 -- Attendance: 5602 (93.37%) -- Ticket Income $504,180
Level 2 -- Attendance: 4767 (95.34%) -- Ticket Income $271,719
Level 3 -- Attendance: 2969 (98.97%) -- Ticket Income $95,008
Level 4 -- Attendance: 4528 (90.56%) -- Ticket Income $99,616
Luxury Box -- Attendance: 991 (99.10%) -- Ticket Income $190,272
Game was played at the Gila River Arena.
Total Attendance: 18857 (94.29%)
Total Ticket Income: $1,160,795
Other Income: $406,278
Total Income: $1,567,073
Anaheim Ducks
5 vs 5 Forward
Center Left Wing Right Wing Time % Phy DF OF
1 Nazem Kadri John Tavares William Nylander 40 1 2 2
2 Mark Scheifele Brayden Schenn Alex Killorn 30 1 2 2
3 Chandler Stephenson J.T. Compher Alexandre Texier 20 1 2 2
4 Mason Marchment Alexey Toropchenko Luke Evangelista 10 1 2 2
5 vs 5 Defense
Defense Defense Time % Phy DF OF
1 Esa Lindell Joshua Morrissey 40 1 2 2
2 Ivan Provorov Morgan Rielly 35 1 2 2
3 Brenden Dillon Jakob Chychrun 25 1 2 2
4 Esa Lindell Ivan Provorov 0 1 2 2
PowerPlay Forward
Center Left Wing Right Wing Time % Phy DF OF
1 John Tavares Brayden Schenn William Nylander 60 1 1 3
2 Nazem Kadri Alex Killorn Mark Scheifele 40 1 1 3
PowerPlay Defense
Defense Defense Time % Phy DF OF
1 Morgan Rielly Joshua Morrissey 60 1 1 3
2 Ivan Provorov Esa Lindell 40 1 2 2
Penalty Kill 4 Players Forward
Center Wing Time % Phy DF OF
1 J.T. Compher Brayden Schenn 60 1 3 1
2 Chandler Stephenson Alex Killorn 40 1 3 1
Penalty Kill 4 Players Defense
Defense Defense Time % Phy DF OF
1 Esa Lindell Ivan Provorov 60 1 3 1
2 Joshua Morrissey Brenden Dillon 40 1 3 1
Penalty Kill - 3 Players Forward
Forward Time % Phy DF OF
1 J.T. Compher 60 1 4 0
2 Brayden Schenn 40 1 4 0
Penalty Kill - 3 Players Defense
Defense Defense Time % Phy DF OF
1 Esa Lindell Ivan Provorov 60 1 4 0
2 Joshua Morrissey Brenden Dillon 40 1 4 0
4 vs 4 Forward
Center Wing Time % Phy DF OF
1 John Tavares William Nylander 60 1 2 2
2 Nazem Kadri Brayden Schenn 40 1 2 2
4 vs 4 Defense
Defense Defense Time % Phy DF OF
1 Esa Lindell Joshua Morrissey 60 1 2 2
2 Morgan Rielly Ivan Provorov 40 1 2 2
Last Minutes Offensive
Center Left Wing Right Wing Defense Defense
Nazem Kadri John Tavares William Nylander Joshua Morrissey Morgan Rielly
Last Minutes Defensive
Center Left Wing Right Wing Defense Defense
J.T. Compher Alex Killorn Brayden Schenn Ivan Provorov Esa Lindell
Goaltenders
Starting : James Reimer
Backup : Linus Ullmark
Extra Forwards
Normal : William Nylander, John Tavares, Brayden Schenn - PP : Nazem Kadri, William Nylander - PK : J.T. Compher
Extra Defensemen
Normal : Esa Lindell, Morgan Rielly, Brenden Dillon - PP : Joshua Morrissey - PK : Esa Lindell, Ivan Provorov
Penalty Shots
Alexandre Texier, Brenden Dillon, Mark Scheifele, John Tavares, Brayden Schenn
Scratches
Josh Manson (Healthy)
Arizona Coyotes
5 vs 5 Forward
Center Left Wing Right Wing Time % Phy DF OF
1 Charlie Coyle Mats Zuccarello Tyler Seguin 30 1 2 2
2 Ryan Donato Erik Haula Tyler Bertuzzi 30 1 2 2
3 Ross Colton Ondrej Palat Kiefer Sherwood 25 1 2 2
4 Mike Hoffman Mark Jankowski Charlie Coyle 15 1 2 2
5 vs 5 Defense
Defense Defense Time % Phy DF OF
1 Radko Gudas Jani Hakanpaa 35 1 2 2
2 Jared Spurgeon Brayden McNabb 30 1 2 2
3 Matt Dumba Nick Seeler 25 1 2 2
4 Radko Gudas Jani Hakanpaa 10 1 2 2
PowerPlay Forward
Center Left Wing Right Wing Time % Phy DF OF
1 Charlie Coyle Mats Zuccarello Tyler Seguin 50 1 2 2
2 Ryan Donato Erik Haula Tyler Bertuzzi 50 1 2 2
PowerPlay Defense
Defense Defense Time % Phy DF OF
1 Matt Dumba Jani Hakanpaa 50 1 2 2
2 Radko Gudas Brayden McNabb 50 1 2 2
Penalty Kill 4 Players Forward
Center Wing Time % Phy DF OF
1 Charlie Coyle Mats Zuccarello 50 1 2 2
2 Tyler Seguin Ryan Donato 50 1 2 2
Penalty Kill 4 Players Defense
Defense Defense Time % Phy DF OF
1 Radko Gudas Jani Hakanpaa 56 1 2 2
2 Jared Spurgeon Brayden McNabb 44 1 2 2
Penalty Kill - 3 Players Forward
Forward Time % Phy DF OF
1 Charlie Coyle 50 1 2 2
2 Mats Zuccarello 50 1 2 2
Penalty Kill - 3 Players Defense
Defense Defense Time % Phy DF OF
1 Matt Dumba Jani Hakanpaa 50 1 2 2
2 Radko Gudas Brayden McNabb 50 1 2 2
4 vs 4 Forward
Center Wing Time % Phy DF OF
1 Charlie Coyle Mats Zuccarello 50 1 2 2
2 Tyler Seguin Ryan Donato 50 1 2 2
4 vs 4 Defense
Defense Defense Time % Phy DF OF
1 Matt Dumba Jani Hakanpaa 50 1 2 2
2 Radko Gudas Brayden McNabb 50 1 2 2
Last Minutes Offensive
Center Left Wing Right Wing Defense Defense
Charlie Coyle Mats Zuccarello Tyler Seguin Jared Spurgeon Jani Hakanpaa
Last Minutes Defensive
Center Left Wing Right Wing Defense Defense
Charlie Coyle Mats Zuccarello Tyler Seguin Jared Spurgeon Jani Hakanpaa
Goaltenders
Starting : Jacob Markstrom
Backup : Elvis Merzlikins
Extra Forwards
Normal : William Carrier, Ross Colton, Ondrej Palat - PP : William Carrier, Ross Colton - PK : Ondrej Palat
Extra Defensemen
Normal : Matt Dumba, Nick Seeler, Radko Gudas - PP : Matt Dumba - PK : Nick Seeler, Radko Gudas
Penalty Shots
Charlie Coyle, Mats Zuccarello, Tyler Seguin, Ryan Donato, Erik Haula
Scratches
Mason McTavish (Healthy), Anthony Deangelo (Healthy), Carter Hart (Healthy)
% Time on Ice - Anaheim Ducks
Lines # - Real PCT - Wanted PCT - Time Play
Normal Forward
1 - 30% - 40% - 13:55
2 - 30% - 30% - 14:06
3 - 23% - 20% - 10:59
4 - 17% - 10% - 7:54
Normal Defense
1 - 37% - 40% - 17:09
2 - 32% - 35% - 15:01
3 - 27% - 25% - 12:34
4 - 5% - 0% - 2:10
PP Forward
1 - 56% - 60% - 6:23
2 - 44% - 40% - 4:55
PP Defense
1 - 63% - 60% - 7:04
2 - 37% - 40% - 4:14
PK Forward
1 - 75% - 60% - 0:40
2 - 25% - 40% - 0:13
PK Defense
1 - 75% - 60% - 0:40
2 - 25% - 40% - 0:13
PK3 Forward
1 - 0% - 60%
2 - 0% - 40%
PK3 Defense
1 - 0% - 60%
2 - 0% - 40%
44 Forward
1 - 100% - 60% - 0:36
2 - 0% - 40% - 0:00
44 Defense
1 - 100% - 60% - 0:36
2 - 0% - 40% - 0:00
Last Minute Offensive - 0:19
Last Minute Defensive - 0:00
Total
Forward - 60:00
Defense - 60:00
|
% Time on Ice - Arizona Coyotes
Lines # - Real PCT - Wanted PCT - Time Play
Normal Forward
1 - 27% - 30% - 12:34
2 - 32% - 30% - 14:55
3 - 28% - 25% - 13:19
4 - 13% - 15% - 6:12
Normal Defense
1 - 35% - 35% - 16:36
2 - 29% - 30% - 13:46
3 - 28% - 25% - 13:07
4 - 7% - 10% - 3:31
PP Forward
1 - 62% - 50% - 0:33
2 - 38% - 50% - 0:20
PP Defense
1 - 77% - 50% - 0:41
2 - 23% - 50% - 0:12
PK Forward
1 - 50% - 50% - 5:40
2 - 50% - 50% - 5:38
PK Defense
1 - 60% - 56% - 6:47
2 - 40% - 44% - 4:31
PK3 Forward
1 - 0% - 50%
2 - 0% - 50%
PK3 Defense
1 - 0% - 50%
2 - 0% - 50%
44 Forward
1 - 56% - 50% - 0:20
2 - 44% - 50% - 0:16
44 Defense
1 - 56% - 50% - 0:20
2 - 44% - 50% - 0:16
Last Minute Offensive - 0:00
Last Minute Defensive - 0:13
Total
Forward - 60:00
Defense - 60:00
|
Play-by-Play
1st period
0:01 of 1st period - Nazem Kadri wins face-off versus Charlie Coyle in neutral zone.
1:35 of 1st period - Matt Dumba is hit by William Nylander and loses puck.
1:49 of 1st period - Icing by Matt Dumba.
1:50 of 1st period - Ryan Donato wins face-off versus Mark Scheifele in Arizona Coyotes zone.
2:26 of 1st period - Snap shot by Nazem Kadri.
2:26 of 1st period - Shot Misses the Net.
2:38 of 1st period - Alexandre Texier is hit by Tyler Bertuzzi and loses puck.
3:14 of 1st period - Snap shot by Charlie Coyle.
3:14 of 1st period - Shot Misses the Net.
3:16 of 1st period - Backhand shot by Radko Gudas.
3:16 of 1st period - Stopped by James Reimer without a rebound.
3:17 of 1st period - Mark Scheifele wins face-off versus Ryan Donato in Anaheim Ducks zone.
3:26 of 1st period - Snap shot by Ryan Donato.
3:26 of 1st period - Stopped by James Reimer without a rebound.
3:27 of 1st period - Nazem Kadri wins face-off versus Ryan Donato in Anaheim Ducks zone.
3:32 of 1st period - Wrist shot by Tyler Bertuzzi.
3:32 of 1st period - Deflect By Ryan Donato.
3:32 of 1st period - Stopped by James Reimer with a rebound.
3:34 of 1st period - Minor Penalty to Nazem Kadri for Hooking.
3:35 of 1st period - Charlie Coyle wins face-off versus J.T. Compher in Anaheim Ducks zone.
4:15 of 1st period - Snap shot by Tyler Bertuzzi.
4:15 of 1st period - Goal by Tyler Bertuzzi - Anaheim Ducks : 0 - Arizona Coyotes : 1.
4:16 of 1st period - Charlie Coyle wins face-off versus Nazem Kadri in neutral zone.
4:27 of 1st period - Wrist shot by Charlie Coyle.
4:27 of 1st period - Shot Misses the Net.
4:29 of 1st period - Snap shot by Jani Hakanpaa.
4:29 of 1st period - Stopped by James Reimer without a rebound.
4:30 of 1st period - Nazem Kadri wins face-off versus Charlie Coyle in Anaheim Ducks zone.
4:47 of 1st period - Snap shot by Charlie Coyle.
4:47 of 1st period - Stopped by James Reimer without a rebound.
4:48 of 1st period - Chandler Stephenson wins face-off versus Ross Colton in Anaheim Ducks zone.
5:03 of 1st period - Slapshot by Ondrej Palat.
5:03 of 1st period - Deflect By Ivan Provorov.
5:03 of 1st period - Stopped by James Reimer without a rebound.
5:04 of 1st period - Brayden Schenn wins face-off versus Charlie Coyle in Anaheim Ducks zone.
5:13 of 1st period - Slapshot by Mark Scheifele.
5:13 of 1st period - Stopped by Jacob Markstrom with a rebound.
5:15 of 1st period - Snap shot by Alex Killorn.
5:15 of 1st period - Stopped by Jacob Markstrom with a rebound.
5:17 of 1st period - Slapshot by Esa Lindell.
5:17 of 1st period - Shot Blocked by Brayden McNabb.
5:19 of 1st period - Slapshot by Brayden Schenn.
5:19 of 1st period - Shot Misses the Net.
5:21 of 1st period - Slapshot by Esa Lindell.
5:21 of 1st period - Shot Misses the Net.
5:31 of 1st period - Esa Lindell is hit by Ryan Donato and loses puck.
5:38 of 1st period - Brayden McNabb is hit by Nazem Kadri.
6:00 of 1st period - Snap shot by J.T. Compher.
6:00 of 1st period - Deflect By Chandler Stephenson.
6:00 of 1st period - Stopped by Jacob Markstrom without a rebound.
6:01 of 1st period - Mark Scheifele wins face-off versus Mike Hoffman in Arizona Coyotes zone.
6:02 of 1st period - Snap shot by Alex Killorn.
6:02 of 1st period - Stopped by Jacob Markstrom without a rebound.
6:03 of 1st period - Mike Hoffman wins face-off versus Mark Scheifele in Arizona Coyotes zone.
6:03 of 1st period - Mike Hoffman is hit by Alex Killorn.
6:15 of 1st period - Snap shot by Mike Hoffman.
6:15 of 1st period - Shot Misses the Net.
6:18 of 1st period - Icing by Brenden Dillon.
6:19 of 1st period - Erik Haula wins face-off versus Mark Scheifele in Anaheim Ducks zone.
6:28 of 1st period - Slapshot by Ryan Donato.
6:28 of 1st period - Stopped by James Reimer with a rebound.
6:30 of 1st period - Wrist shot by Erik Haula.
6:30 of 1st period - Stopped by James Reimer with a rebound.
6:48 of 1st period - Snap shot by William Nylander.
6:48 of 1st period - Stopped by Jacob Markstrom with a rebound.
6:50 of 1st period - Minor Penalty to Radko Gudas for Slashing.
6:51 of 1st period - John Tavares wins face-off versus Charlie Coyle in Arizona Coyotes zone.
7:08 of 1st period - Snap shot by John Tavares.
7:08 of 1st period - Shot Misses the Net.
7:18 of 1st period - Nick Seeler is hit by Mark Scheifele and loses puck.
7:38 of 1st period - Off-side.
7:39 of 1st period - John Tavares wins face-off versus Charlie Coyle in neutral zone.
7:48 of 1st period - Wrist shot by John Tavares.
7:48 of 1st period - Shot Blocked by Mats Zuccarello.
7:50 of 1st period - Slapshot by Brayden Schenn.
7:50 of 1st period - Shot Misses the Net.
8:23 of 1st period - Nick Seeler is hit by John Tavares.
8:27 of 1st period - Ivan Provorov is hit by Nick Seeler and loses puck.
8:40 of 1st period - Jared Spurgeon is hit by Alex Killorn and loses puck.
8:50 of 1st period - Penalty to Radko Gudas is over, Radko Gudas is back on ice.
9:30 of 1st period - Slapshot by Luke Evangelista.
9:30 of 1st period - Stopped by Jacob Markstrom with a rebound.
9:32 of 1st period - Slapshot by Joshua Morrissey.
9:32 of 1st period - Shot Misses the Net.
10:14 of 1st period - Brayden McNabb is hit by Jakob Chychrun and loses puck.
10:19 of 1st period - Snap shot by Chandler Stephenson.
10:19 of 1st period - Stopped by Jacob Markstrom without a rebound.
10:20 of 1st period - Chandler Stephenson wins face-off versus Ryan Donato in Arizona Coyotes zone.
10:32 of 1st period - Wrist shot by Chandler Stephenson.
10:32 of 1st period - Shot Misses the Net.
10:34 of 1st period - Slapshot by Ivan Provorov.
10:34 of 1st period - Stopped by Jacob Markstrom with a rebound.
10:36 of 1st period - Backhand shot by Esa Lindell.
10:36 of 1st period - Stopped by Jacob Markstrom with a rebound.
10:42 of 1st period - Snap shot by J.T. Compher.
10:42 of 1st period - Stopped by Jacob Markstrom without a rebound.
10:43 of 1st period - Ross Colton wins face-off versus Nazem Kadri in Arizona Coyotes zone.
10:43 of 1st period - Ross Colton is hit by Nazem Kadri.
11:50 of 1st period - Wrist shot by Nazem Kadri.
11:50 of 1st period - Stopped by Jacob Markstrom with a rebound.
12:08 of 1st period - Snap shot by Ondrej Palat.
12:08 of 1st period - Shot Blocked by Morgan Rielly.
12:18 of 1st period - Snap shot by Kiefer Sherwood.
12:18 of 1st period - Stopped by James Reimer with a rebound.
12:28 of 1st period - Ivan Provorov is hit by Mats Zuccarello.
12:32 of 1st period - Snap shot by Mats Zuccarello.
12:32 of 1st period - Stopped by James Reimer with a rebound.
12:54 of 1st period - Snap shot by Luke Evangelista.
12:54 of 1st period - Shot Misses the Net.
12:56 of 1st period - Snap shot by Brenden Dillon.
12:56 of 1st period - Stopped by Jacob Markstrom with a rebound.
12:58 of 1st period - Slapshot by Jakob Chychrun.
12:58 of 1st period - Deflect By Mike Hoffman.
12:58 of 1st period - Stopped by Jacob Markstrom with a rebound.
13:00 of 1st period - Snap shot by Brenden Dillon.
13:00 of 1st period - Deflect By Mason Marchment.
13:00 of 1st period - Stopped by Jacob Markstrom with a rebound.
13:02 of 1st period - Wrist shot by Jakob Chychrun.
13:02 of 1st period - Stopped by Jacob Markstrom without a rebound.
13:03 of 1st period - Ryan Donato wins face-off versus Nazem Kadri in Arizona Coyotes zone.
13:20 of 1st period - Wrist shot by William Nylander.
13:20 of 1st period - Stopped by Jacob Markstrom without a rebound.
13:21 of 1st period - Mark Scheifele wins face-off versus Ross Colton in Arizona Coyotes zone.
13:22 of 1st period - Wrist shot by Alex Killorn.
13:22 of 1st period - Shot Misses the Net.
13:24 of 1st period - Slapshot by Joshua Morrissey.
13:24 of 1st period - Shot Misses the Net.
13:26 of 1st period - Snap shot by Brayden Schenn.
13:26 of 1st period - Stopped by Jacob Markstrom without a rebound.
13:27 of 1st period - Ross Colton wins face-off versus Mark Scheifele in Arizona Coyotes zone.
13:39 of 1st period - Icing by Joshua Morrissey.
13:40 of 1st period - Charlie Coyle wins face-off versus Mark Scheifele in Anaheim Ducks zone.
13:45 of 1st period - Wrist shot by Mats Zuccarello.
13:45 of 1st period - Stopped by James Reimer without a rebound.
13:46 of 1st period - Charlie Coyle wins face-off versus Nazem Kadri in Anaheim Ducks zone.
13:47 of 1st period - Snap shot by Mats Zuccarello.
13:47 of 1st period - Shot Misses the Net.
14:03 of 1st period - Snap shot by William Nylander.
14:03 of 1st period - Shot Blocked by Tyler Seguin.
14:10 of 1st period - Icing by Radko Gudas.
14:11 of 1st period - Brayden Schenn wins face-off versus Charlie Coyle in Arizona Coyotes zone.
14:16 of 1st period - Snap shot by Mark Scheifele.
14:16 of 1st period - Shot Misses the Net.
14:18 of 1st period - Slapshot by Esa Lindell.
14:18 of 1st period - Stopped by Jacob Markstrom without a rebound.
14:19 of 1st period - Mark Scheifele wins face-off versus Tyler Bertuzzi in Arizona Coyotes zone.
14:28 of 1st period - Snap shot by Tyler Bertuzzi.
14:28 of 1st period - Shot Blocked by Joshua Morrissey.
14:30 of 1st period - Slapshot by Nick Seeler.
14:30 of 1st period - Stopped by James Reimer with a rebound.
14:32 of 1st period - Snap shot by Ryan Donato.
14:32 of 1st period - Stopped by James Reimer without a rebound.
14:33 of 1st period - Nazem Kadri wins face-off versus Charlie Coyle in Anaheim Ducks zone.
14:49 of 1st period - Slapshot by Nick Seeler.
14:49 of 1st period - Stopped by James Reimer without a rebound.
14:50 of 1st period - Chandler Stephenson wins face-off versus Ross Colton in Anaheim Ducks zone.
14:55 of 1st period - Kiefer Sherwood is hit by J.T. Compher.
15:02 of 1st period - Off-side.
15:03 of 1st period - Nazem Kadri wins face-off versus Charlie Coyle in neutral zone.
15:08 of 1st period - William Nylander is hit by Tyler Seguin.
15:33 of 1st period - Slapshot by Ivan Provorov.
15:33 of 1st period - Stopped by Jacob Markstrom with a rebound.
15:35 of 1st period - Slapshot by Ivan Provorov.
15:35 of 1st period - Deflect By Mark Scheifele.
15:35 of 1st period - Stopped by Jacob Markstrom without a rebound.
15:36 of 1st period - Kiefer Sherwood wins face-off versus Mark Scheifele in Arizona Coyotes zone.
15:43 of 1st period - Icing by Joshua Morrissey.
15:44 of 1st period - Ross Colton wins face-off versus Mark Scheifele in Anaheim Ducks zone.
16:08 of 1st period - Jani Hakanpaa beats up Mark Scheifele.
16:08 of 1st period - Penalty to Jani Hakanpaa for Fighting.
16:08 of 1st period - Penalty to Mark Scheifele for Fighting.
16:09 of 1st period - Nazem Kadri wins face-off versus Charlie Coyle in Anaheim Ducks zone.
17:14 of 1st period - Slapshot by Charlie Coyle.
17:14 of 1st period - Shot Blocked by Brenden Dillon.
18:35 of 1st period - Off-side.
18:36 of 1st period - Mike Hoffman wins face-off versus Chandler Stephenson in neutral zone.
19:24 of 1st period - Snap shot by Alex Killorn.
19:24 of 1st period - Shot Misses the Net.
19:37 of 1st period - Icing by Radko Gudas.
19:38 of 1st period - Mason Marchment wins face-off versus Ross Colton in Arizona Coyotes zone.
19:43 of 1st period - Snap shot by William Nylander.
19:43 of 1st period - Shot Misses the Net.
Goals for this period are 0 for Anaheim Ducks vs 1 for Arizona Coyotes.
Shots for this period are 20 for Anaheim Ducks vs 15 for Arizona Coyotes.
2nd period
0:01 of 2nd period - William Nylander wins face-off versus Charlie Coyle in neutral zone.
1:53 of 2nd period - Snap shot by Chandler Stephenson.
1:53 of 2nd period - Deflect By J.T. Compher.
1:53 of 2nd period - Shot Blocked by Matt Dumba.
1:53 of 2nd period - Puck is out of play.
1:54 of 2nd period - Ross Colton wins face-off versus Mason Marchment in Arizona Coyotes zone.
2:19 of 2nd period - Jakob Chychrun is hit by Brayden McNabb and loses puck.
2:24 of 2nd period - Wrist shot by Mats Zuccarello.
2:24 of 2nd period - Shot Misses the Net.
2:48 of 2nd period - Ivan Provorov is hit by Erik Haula and loses puck.
3:03 of 2nd period - Snap shot by Ondrej Palat.
3:03 of 2nd period - Shot Misses the Net.
3:05 of 2nd period - Slapshot by Kiefer Sherwood.
3:05 of 2nd period - Deflect By Brayden Schenn.
3:05 of 2nd period - Stopped by James Reimer with a rebound.
3:07 of 2nd period - Slapshot by Jared Spurgeon.
3:07 of 2nd period - Stopped by James Reimer with a rebound.
5:15 of 2nd period - Tyler Seguin is hit by Esa Lindell.
5:27 of 2nd period - J.T. Compher is hit by Matt Dumba and loses puck.
5:44 of 2nd period - Snap shot by Mark Scheifele.
5:44 of 2nd period - Stopped by Jacob Markstrom with a rebound.
5:56 of 2nd period - Ivan Provorov is hit by Erik Haula and loses puck.
6:07 of 2nd period - Tyler Bertuzzi is hit by Mason Marchment and loses puck.
7:10 of 2nd period - Off-side.
7:11 of 2nd period - Nazem Kadri wins face-off versus Erik Haula in neutral zone.
7:14 of 2nd period - Nick Seeler is hit by Nazem Kadri and loses puck.
7:23 of 2nd period - Wrist shot by Ryan Donato.
7:23 of 2nd period - Shot Misses the Net.
7:25 of 2nd period - Slapshot by Matt Dumba.
7:25 of 2nd period - Stopped by James Reimer with a rebound.
7:27 of 2nd period - Slapshot by Matt Dumba.
7:27 of 2nd period - Stopped by James Reimer without a rebound.
7:28 of 2nd period - Charlie Coyle wins face-off versus Mark Scheifele in Anaheim Ducks zone.
7:43 of 2nd period - Wrist shot by Mats Zuccarello.
7:43 of 2nd period - Shot Misses the Net.
7:53 of 2nd period - Ivan Provorov is hit by Ross Colton and loses puck.
8:18 of 2nd period - Snap shot by Morgan Rielly.
8:18 of 2nd period - Shot Misses the Net.
8:20 of 2nd period - Slapshot by Ivan Provorov.
8:20 of 2nd period - Shot Misses the Net.
8:22 of 2nd period - Wrist shot by Ivan Provorov.
8:22 of 2nd period - Stopped by Jacob Markstrom with a rebound.
8:24 of 2nd period - Slapshot by Morgan Rielly.
8:24 of 2nd period - Stopped by Jacob Markstrom with a rebound.
8:40 of 2nd period - Jani Hakanpaa is hit by Alexandre Texier and loses puck.
10:04 of 2nd period - Snap shot by Luke Evangelista.
10:04 of 2nd period - Stopped by Jacob Markstrom with a rebound.
10:06 of 2nd period - Snap shot by Mason Marchment.
10:06 of 2nd period - Stopped by Jacob Markstrom with a rebound.
10:42 of 2nd period - Kiefer Sherwood is hit by Nazem Kadri and loses puck.
10:55 of 2nd period - Snap shot by Erik Haula.
10:55 of 2nd period - Shot Misses the Net.
10:57 of 2nd period - Slapshot by Nick Seeler.
10:57 of 2nd period - Shot Misses the Net.
11:30 of 2nd period - Joshua Morrissey is hit by Ryan Donato.
11:36 of 2nd period - Slapshot by Mark Scheifele.
11:36 of 2nd period - Goal by Mark Scheifele - Anaheim Ducks : 1 - Arizona Coyotes : 1.
11:37 of 2nd period - Ryan Donato wins face-off versus Nazem Kadri in neutral zone.
11:50 of 2nd period - Snap shot by Nazem Kadri.
11:50 of 2nd period - Stopped by Jacob Markstrom with a rebound.
11:52 of 2nd period - Slapshot by Joshua Morrissey.
11:52 of 2nd period - Stopped by Jacob Markstrom without a rebound.
11:53 of 2nd period - Charlie Coyle wins face-off versus Mark Scheifele in Arizona Coyotes zone.
12:12 of 2nd period - Joshua Morrissey is hit by Charlie Coyle and loses puck.
12:25 of 2nd period - Erik Haula is hit by Ivan Provorov.
12:48 of 2nd period - Minor Penalty to Ondrej Palat for Interference.
12:49 of 2nd period - William Nylander wins face-off versus Tyler Seguin in Arizona Coyotes zone.
13:06 of 2nd period - Jared Spurgeon is hit by Morgan Rielly and loses puck.
14:48 of 2nd period - Penalty to Ondrej Palat is over, Ondrej Palat is back on ice.
15:03 of 2nd period - Wrist shot by Ross Colton.
15:03 of 2nd period - Shot Misses the Net.
15:35 of 2nd period - Alexey Toropchenko is hit by Tyler Bertuzzi and loses puck.
15:58 of 2nd period - Brayden McNabb is hit by Alexandre Texier and loses puck.
17:23 of 2nd period - Wrist shot by Ross Colton.
17:23 of 2nd period - Stopped by James Reimer with a rebound.
17:37 of 2nd period - Snap shot by Tyler Bertuzzi.
17:37 of 2nd period - Shot Blocked by Alexandre Texier.
17:39 of 2nd period - Wrist shot by Tyler Bertuzzi.
17:39 of 2nd period - Stopped by James Reimer without a rebound.
17:40 of 2nd period - Mark Scheifele wins face-off versus Ryan Donato in Anaheim Ducks zone.
17:54 of 2nd period - Off-side.
17:55 of 2nd period - Nazem Kadri wins face-off versus Mats Zuccarello in neutral zone.
18:56 of 2nd period - Slapshot by J.T. Compher.
18:56 of 2nd period - Stopped by Jacob Markstrom with a rebound.
19:07 of 2nd period - Icing by Radko Gudas.
19:08 of 2nd period - Ross Colton wins face-off versus Mason Marchment in Arizona Coyotes zone.
19:13 of 2nd period - Wrist shot by Joshua Morrissey.
19:13 of 2nd period - Shot Blocked by Ross Colton.
19:19 of 2nd period - Esa Lindell is hit by Ondrej Palat and loses puck.
19:34 of 2nd period - Wrist shot by Tyler Bertuzzi.
19:34 of 2nd period - Stopped by James Reimer with a rebound.
19:38 of 2nd period - Wrist shot by Tyler Bertuzzi.
19:38 of 2nd period - Shot Misses the Net.
19:40 of 2nd period - Wrist shot by Ryan Donato.
19:40 of 2nd period - Shot Blocked by Joshua Morrissey.
19:42 of 2nd period - Wrist shot by Tyler Bertuzzi.
19:42 of 2nd period - Stopped by James Reimer with a rebound.
19:44 of 2nd period - Snap shot by Ryan Donato.
19:44 of 2nd period - Stopped by James Reimer with a rebound.
Goals for this period are 1 for Anaheim Ducks vs 0 for Arizona Coyotes.
Shots for this period are 9 for Anaheim Ducks vs 9 for Arizona Coyotes.
3rd period
0:01 of 3rd period - Charlie Coyle wins face-off versus Nazem Kadri in neutral zone.
0:31 of 3rd period - Snap shot by Tyler Bertuzzi.
0:31 of 3rd period - Stopped by James Reimer without a rebound.
0:32 of 3rd period - Mark Scheifele wins face-off versus Tyler Bertuzzi in Anaheim Ducks zone.
0:42 of 3rd period - Ivan Provorov is hit by Brayden McNabb and loses puck.
1:20 of 3rd period - Slapshot by Jani Hakanpaa.
1:20 of 3rd period - Stopped by James Reimer with a rebound.
1:22 of 3rd period - Slapshot by Kiefer Sherwood.
1:22 of 3rd period - Stopped by James Reimer without a rebound.
1:23 of 3rd period - Chandler Stephenson wins face-off versus Ross Colton in Anaheim Ducks zone.
1:38 of 3rd period - Slapshot by Ondrej Palat.
1:38 of 3rd period - Stopped by James Reimer with a rebound.
2:18 of 3rd period - Alex Killorn is hit by Charlie Coyle and loses puck.
3:19 of 3rd period - Off-side.
3:20 of 3rd period - Nazem Kadri wins face-off versus Ryan Donato in neutral zone.
3:23 of 3rd period - Slapshot by William Nylander.
3:23 of 3rd period - Stopped by Jacob Markstrom without a rebound.
3:24 of 3rd period - Ryan Donato wins face-off versus William Nylander in Arizona Coyotes zone.
3:50 of 3rd period - Icing by William Nylander.
3:51 of 3rd period - Mark Scheifele wins face-off versus Charlie Coyle in Anaheim Ducks zone.
3:56 of 3rd period - Radko Gudas is hit by Alex Killorn and loses puck.
4:03 of 3rd period - Slapshot by Charlie Coyle.
4:03 of 3rd period - Stopped by James Reimer with a rebound.
4:05 of 3rd period - Snap shot by Radko Gudas.
4:05 of 3rd period - Shot Misses the Net.
4:21 of 3rd period - Snap shot by Nazem Kadri.
4:21 of 3rd period - Stopped by Jacob Markstrom with a rebound.
4:25 of 3rd period - Wrist shot by William Nylander.
4:25 of 3rd period - Shot Blocked by Jani Hakanpaa.
4:27 of 3rd period - Slapshot by William Nylander.
4:27 of 3rd period - Stopped by Jacob Markstrom with a rebound.
4:33 of 3rd period - Minor Penalty to Jani Hakanpaa for Slashing.
4:34 of 3rd period - John Tavares wins face-off versus Tyler Seguin in Arizona Coyotes zone.
4:53 of 3rd period - Snap shot by Charlie Coyle.
4:53 of 3rd period - Shot Blocked by Brayden Schenn.
4:55 of 3rd period - Snap shot by Mats Zuccarello.
4:55 of 3rd period - Stopped by James Reimer with a rebound.
5:32 of 3rd period - Charlie Coyle is hit by John Tavares and loses puck.
6:00 of 3rd period - Charlie Coyle is hit by Brayden Schenn and loses puck.
6:33 of 3rd period - Penalty to Jani Hakanpaa is over, Jani Hakanpaa is back on ice.
6:41 of 3rd period - Joshua Morrissey is hit by Matt Dumba and loses puck.
8:31 of 3rd period - Ross Colton is hit by Alexandre Texier and loses puck.
9:06 of 3rd period - Brenden Dillon is hit by Brayden McNabb and loses puck.
9:33 of 3rd period - Wrist shot by Luke Evangelista.
9:33 of 3rd period - Stopped by Jacob Markstrom without a rebound.
9:34 of 3rd period - Mason Marchment wins face-off versus William Carrier in Arizona Coyotes zone.
9:35 of 3rd period - Snap shot by Luke Evangelista.
9:35 of 3rd period - Stopped by Jacob Markstrom with a rebound.
9:58 of 3rd period - Nick Seeler is hit by Morgan Rielly and loses puck.
10:08 of 3rd period - Minor Penalty to Matt Dumba for Cross-checking.
10:09 of 3rd period - John Tavares wins face-off versus Tyler Seguin in Arizona Coyotes zone.
10:25 of 3rd period - Slapshot by Brayden Schenn.
10:25 of 3rd period - Shot Misses the Net.
10:35 of 3rd period - Jani Hakanpaa is hit by Joshua Morrissey and loses puck.
10:46 of 3rd period - Wrist shot by Mark Scheifele.
10:46 of 3rd period - Stopped by Jacob Markstrom with a rebound.
11:12 of 3rd period - Wrist shot by Tyler Seguin.
11:12 of 3rd period - Stopped by James Reimer without a rebound.
11:13 of 3rd period - Charlie Coyle wins face-off versus Mark Scheifele in Anaheim Ducks zone.
11:21 of 3rd period - Off-side.
11:22 of 3rd period - Charlie Coyle wins face-off versus John Tavares in neutral zone.
11:29 of 3rd period - Wrist shot by Mats Zuccarello.
11:29 of 3rd period - Stopped by James Reimer with a rebound.
11:31 of 3rd period - Minor Penalty to William Nylander for Delaying the game.
11:32 of 3rd period - Charlie Coyle wins face-off versus John Tavares in Anaheim Ducks zone.
11:33 of 3rd period - Snap shot by Mats Zuccarello.
11:33 of 3rd period - Stopped by James Reimer with a rebound.
11:35 of 3rd period - Slapshot by Nick Seeler.
11:35 of 3rd period - Shot Blocked by Esa Lindell.
11:37 of 3rd period - Slapshot by Nick Seeler.
11:37 of 3rd period - Shot Blocked by Joshua Morrissey.
11:39 of 3rd period - Slapshot by Jani Hakanpaa.
11:39 of 3rd period - Stopped by James Reimer without a rebound.
11:40 of 3rd period - Charlie Coyle wins face-off versus John Tavares in Anaheim Ducks zone.
11:49 of 3rd period - Slapshot by Mats Zuccarello.
11:49 of 3rd period - Shot Blocked by Joshua Morrissey.
11:51 of 3rd period - Snap shot by Charlie Coyle.
11:51 of 3rd period - Stopped by James Reimer without a rebound.
11:52 of 3rd period - John Tavares wins face-off versus Tyler Seguin in Anaheim Ducks zone.
12:08 of 3rd period - Penalty to Matt Dumba is over, Matt Dumba is back on ice.
12:19 of 3rd period - Snap shot by Tyler Seguin.
12:19 of 3rd period - Goal by Tyler Seguin - Anaheim Ducks : 1 - Arizona Coyotes : 2.
12:20 of 3rd period - Charlie Coyle wins face-off versus Nazem Kadri in neutral zone.
12:34 of 3rd period - Minor Penalty to Radko Gudas for Delaying the game.
12:35 of 3rd period - Charlie Coyle wins face-off versus John Tavares in Arizona Coyotes zone.
12:45 of 3rd period - Jani Hakanpaa is hit by William Nylander and loses puck.
13:20 of 3rd period - Brayden McNabb is hit by Alex Killorn and loses puck.
14:34 of 3rd period - Penalty to Radko Gudas is over, Radko Gudas is back on ice.
14:48 of 3rd period - Brayden McNabb is hit by Alexandre Texier and loses puck.
15:40 of 3rd period - Icing by Ivan Provorov.
15:41 of 3rd period - Erik Haula wins face-off versus Alexandre Texier in Anaheim Ducks zone.
16:05 of 3rd period - Minor Penalty to Nick Seeler for Holding.
16:06 of 3rd period - John Tavares wins face-off versus Charlie Coyle in Arizona Coyotes zone.
16:19 of 3rd period - Slapshot by John Tavares.
16:19 of 3rd period - Shot Blocked by Jani Hakanpaa.
16:21 of 3rd period - Wrist shot by William Nylander.
16:21 of 3rd period - Stopped by Jacob Markstrom without a rebound.
16:22 of 3rd period - Tyler Seguin wins face-off versus John Tavares in Arizona Coyotes zone.
16:33 of 3rd period - Snap shot by Charlie Coyle.
16:33 of 3rd period - Stopped by James Reimer with a rebound.
16:35 of 3rd period - Slapshot by Jani Hakanpaa.
16:35 of 3rd period - Deflect By Charlie Coyle.
16:35 of 3rd period - Stopped by James Reimer without a rebound.
16:36 of 3rd period - Charlie Coyle wins face-off versus John Tavares in Anaheim Ducks zone.
18:05 of 3rd period - Penalty to Nick Seeler is over, Nick Seeler is back on ice.
18:25 of 3rd period - Slapshot by Ross Colton.
18:25 of 3rd period - Shot Misses the Net.
18:35 of 3rd period - Alex Killorn is hit by Ryan Donato and loses puck.
18:48 of 3rd period - Slapshot by Nick Seeler.
18:48 of 3rd period - Deflect By Erik Haula.
18:48 of 3rd period - Stopped by James Reimer with a rebound.
18:54 of 3rd period - Anaheim Ducks, James Reimer is pulled from the net.
19:04 of 3rd period - Wrist shot by Mats Zuccarello.
19:04 of 3rd period - Goal by Mats Zuccarello - Anaheim Ducks : 1 - Arizona Coyotes : 3.
19:04 of 3rd period - James Reimer from Anaheim Ducks was sent back in the game.
19:05 of 3rd period - Chandler Stephenson wins face-off versus Mike Hoffman in neutral zone.
19:32 of 3rd period - Radko Gudas is hit by Jakob Chychrun and loses puck.
19:56 of 3rd period - Slapshot by Charlie Coyle.
19:56 of 3rd period - Shot Blocked by Joshua Morrissey.
Goals for this period are 0 for Anaheim Ducks vs 2 for Arizona Coyotes.
Shots for this period are 7 for Anaheim Ducks vs 16 for Arizona Coyotes.
Back to the Top